 Dungeon Crawl Stone Soup version 0.30-a0-1116-gebefce21f7 (webtiles) character file.

Game seed: 769307820399229066

4154 sircluck the Cleaver (level 10, 0/75 (88) HPs)
             Began as a Hill Orc Fighter on Apr 21, 2023.
             Was a Believer of Beogh.
             Slain by a wight
             ... wielding a +5 spear of freezing
              (6 damage)
             ... on level 8 of the Dungeon.
             The game lasted 00:19:50 (10447 turns).

sircluck the Cleaver (Hill Orc Fighter)            Turns: 10447, Time: 00:19:50

HP:   0/75 (88)     AC:  8    Str: 24    XL:     10   Next: 28%
MP:   10/10         EV: 10    Int:  8    God:    Beogh [**....]
Gold: 292           SH:  5    Dex: 10    Spells: 9/9 levels left

rFire   . . .      SeeInvis +    a - +1 war axe
rCold   . . .      Faith    .    c - +0 buckler
rNeg    . . .      Spirit   .    b - +0 scale mail
rPois   .          Reflect  .    (no helmet)
rElec   .          Rampage  .    q - scarf {+Inv}
rCorr   .                        (no gloves)
Will    .....                    (no boots) Stlth
                                 (no amulet)
HPRegen 0.32/turn                e - ring of see invisible
MPRegen 0.12/turn                (no ring)

@: heavily drained
A: no striking features
a: Renounce Religion, Evoke Invisibility, Smiting


You were on level 8 of the Dungeon.
You worshipped Beogh.
Beogh was pleased with you.
You visited 2 branches of the dungeon, and saw 9 of its levels.

You collected 532 gold pieces.
You spent 240 gold pieces at shops.

Inventory:

Hand Weapons
 a - a +1 war axe (weapon)
 w - a +2 dagger of draining
 A - a +3 spear
 D - a +0 shortbow
 I - the +3 quarterstaff "Usearch" {elec, Drain rElec rF+++ SInv}
   (You found it on level 6 of the Dungeon)

   rF:        It renders you almost immune to fire.
   rElec:     It insulates you from electricity.
   SInv:      It lets you see invisible.
   Drain:     It drains your maximum health when unequipped.
 N - a +4 battleaxe
 Q - a +0 demon blade
Missiles
 j - 50 stones (quivered)
 s - 2 throwing nets
 C - 14 poisoned darts
 K - 3 boomerangs
Armour
 b - a +0 scale mail (worn)
 c - a +0 buckler (worn)
 q - a scarf of invisibility (worn)
 u - a +2 robe of cold resistance
 E - a +0 pair of gloves
 H - a +0 cloak
 P - the +3 robe of Suipn {Harm rPois rF+}
   (You found it on level 8 of the Dungeon)

   rF:        It protects you from fire.
   rPois:     It protects you from poison.
   Harm:      It increases damage dealt and taken.
Jewellery
 e - a ring of see invisible (left hand)
 y - a +6 ring of dexterity
Wands
 F - a wand of flame (53)
Scrolls
 h - 4 scrolls of noise
 i - 7 scrolls of enchant armour {unknown}
 k - 3 scrolls of enchant weapon
 n - 6 scrolls of teleportation
 o - a scroll of amnesia {unknown}
 r - 3 scrolls of magic mapping
 t - a scroll of fog {unknown}
 B - 3 scrolls of fear
 M - a scroll of poison {unknown}
 O - a scroll of identify
Potions
 d - 2 potions of might
 g - a potion of magic {unknown}
 l - 2 potions of lignification {unknown}
 m - a potion of ambrosia
 p - 3 potions of haste
 v - 2 potions of degeneration {unknown}
 x - 3 potions of flight
 z - 2 potions of invisibility {unknown}
 G - a potion of berserk rage {unknown}
 J - a potion of resistance {unknown}
 L - a potion of mutation {unknown}


   Skills:
 + Level 8.3 Fighting
 + Level 12.4 Axes
 + Level 0.2 Throwing
 + Level 8.1 Armour
 + Level 3.6 Dodging
 + Level 1.1 Stealth
 + Level 5.7 Shields


You had 9 spell levels left.
You didn't know any spells.
Your spell library contained the following spells:

 Spells                   Type           Power      Damage    Failure   Level
 Apportation              Tloc           0%         N/A       77%         1
 Blink                    Tloc           0%         N/A       88%         2
 Lesser Beckoning         Tloc           0%         N/A       88%         2
 Momentum Strike          Conj/Tloc      0%         3d8       88%         2
 Call Canine Familiar     Summ           0%         N/A       98%         3
 Portal Projectile        Hex/Tloc       0%         N/A       98%         3
 Leda's Liquefaction      Hex/Erth       0%         N/A       100%        4
 Alistair's Intoxication  Tmut/Pois      0%         N/A       100%        5


Dungeon Overview and Level Annotations

Branches:
Dungeon (8/15)             Temple (1/1) D:4
   Lair: D:8-11

Altars:
Ashenzari
Cheibriados
Dithmenos
Elyvilon
Fedhas
Gozag
Hepliaklqana
Kikubaaqudgha
Makhleb
Nemelex Xobeh
Okawaru
Qazlal
Ru
Sif Muna
Trog
Uskayaw
Vehumet
Wu Jian
Xom
Yredelemnul
Zin
The Shining One

Shops:
D:2 ?


Message History

The wight freezes you. The wight hits you with a +2 dagger!
* * * LOW HITPOINT WARNING * * *
You feel drained.
* * * LOW HITPOINT WARNING * * *
You closely miss the wight.
The wight is almost destroyed.
The wight hits you from afar with a +5 spear of freezing!
* * * LOW HITPOINT WARNING * * *
You feel drained.
* * * LOW HITPOINT WARNING * * *
The wight freezes you.
* * * LOW HITPOINT WARNING * * *
The wight completely misses you.
You can't see any enemies this would affect, really read the scroll of fear?
Okay, then.
You feel better. The wight misses you. You block the wight's attack.
You slash the wight!
You destroy the wight!
Beogh accepts your kill.
The wight hits you from afar with a +5 spear of freezing!
* * * LOW HITPOINT WARNING * * *
The wight freezes you.
* * * LOW HITPOINT WARNING * * *
You are confused.
You feel invigorated. The wight closely misses you.
Unknown command.
The wight hits you but does no damage.
Things that are here:
a +5 falchion; a +0 robe You hit the wight but do no damage.
The wight barely misses you.
The wight hits you with a +5 spear of freezing.
* * * LOW HITPOINT WARNING * * *
The wight freezes you.
* * * LOW HITPOINT WARNING * * *
You feel less invigorated.
You feel less confused.
The wight hits you from afar with a +5 spear of freezing!
* * * LOW HITPOINT WARNING * * *
You feel drained.
You die...

#.......## #..)...# #..
#........##### #......# #..
##......#.....# #......#
##. ........#####.##
#......# #. ##......#
#..####......# #.
######.######.....###+###
#. #.##..........##.# #.
#.##.#######..##.#########.
#.#....###@..)........[....
#.......##..))<..#########.
#.......####z.........####.
#.......'..................
#.......####...............
#.......####.#######.....[.
#.......##.....# .......
#.......##)....# ......
#.......##.....# .....


You could see a wight.

Vanquished Creatures
  A kobold demonologist (D:8)
  Grinder (D:5)
  Sigmund (D:4)
  A steam dragon (D:8)
  Edmund (D:6)
  3 water moccasins
  A black bear (D:4)
  An ice beast (D:7)
  Duvessa (D:4)
  An ogre (D:6)
  3 centaurs
  4 phantoms
  A kobold brigand (D:6)
  5 bullfrogs
  A gnoll sergeant (D:6)
  4 scorpions
  7 wights
  Dowan (D:4)
  3 killer bees (D:7)
  5 howler monkeys
  2 hounds (D:6)
  2 orc priests
  A jelly (D:6)
  Crazy Yiuf (D:5)
  2 iguanas
  A sleepcap (D:3)
  2 orc wizards
  Robin (D:4)
  10 gnolls
  9 adders
  4 white imps
  2 ufetubi
  3 worms
  2 dart slugs
  19 orcs
  5 bats
  13 endoplasms
  4 giant cockroaches
  17 goblins
  12 hobgoblins
  3 jackals (D:2)
  4 quokkas
  5 ball pythons
  6 frilled lizards
  12 kobolds
  7 rats
195 creatures vanquished.

Vanquished Creatures (others)
  A rat (D:3)
1 creature vanquished.

Grand Total: 196 creatures vanquished

Notes
Turn   | Place    | Note
-------+----------+-------------------------------------------
     0 | D:1      | sircluck the Hill Orc Fighter began the quest for the Orb.
     0 | D:1      | Reached XP level 1. HP: 19/19 MP: 1/1
    77 | D:1      | Reached skill level 3 in Axes
   118 | D:1      | Reached XP level 2. HP: 19/27 MP: 2/2
   634 | D:1      | Reached XP level 3. HP: 31/33 MP: 3/3
  1234 | D:2      | Reached skill level 4 in Axes
  1251 | D:2      | Reached XP level 4. HP: 40/40 MP: 4/4
  1606 | D:2      | Found Dinuom's Magic Scroll Emporium.
  1609 | D:2      | Bought a scroll of identify for 24 gold pieces
  1609 | D:2      | Bought a scroll of magic mapping for 90 gold pieces
  1609 | D:2      | Bought a scroll of teleportation for 36 gold pieces
  2040 | D:3      | Reached XP level 5. HP: 34/46 MP: 5/5
  2148 | D:3      | Became a worshipper of Beogh the Brigand
  2203 | D:3      | Reached skill level 5 in Axes
  3083 | D:4      | Found a bloodstained altar of Trog.
  3100 | D:4      | Found a staircase to the Ecumenical Temple.
  3109 | D:4      | Noticed Robin
  3122 | D:4      | Killed Robin
  3346 | D:4      | Noticed Sigmund
  3354 | D:4      | Killed Sigmund
  3355 | D:4      | Reached skill level 6 in Axes
  3355 | D:4      | Reached XP level 6. HP: 33/55 MP: 6/6
  3487 | D:4      | Noticed a black bear
  3507 | D:4      | Killed a black bear
  3507 | D:4      | Reached * piety under Beogh
  3508 | D:4      | Reached skill level 5 in Fighting
  3508 | D:4      | Reached skill level 1 in Dodging
  3508 | D:4      | Reached XP level 7. HP: 17/61 MP: 7/7
  3679 | D:4      | Reached skill level 7 in Axes
  3932 | D:4      | Reached skill level 5 in Armour
  3962 | D:4      | Noticed Dowan
  3962 | D:4      | Noticed Duvessa
  3986 | D:4      | Killed Duvessa
  4001 | D:4      | Killed Dowan
  4279 | Temple   | Entered the Ecumenical Temple
  4657 | D:5      | Entered Level 5 of the Dungeon
  4665 | D:5      | Reached skill level 8 in Axes
  4665 | D:5      | Reached XP level 8. HP: 49/68 MP: 8/8
  5928 | D:5      | Found a runed translucent door.
  5929 | D:5      | Noticed Crazy Yiuf
  5965 | D:5      | Noticed Grinder
  5966 | D:5      | Paralysed by Grinder for 2 turns
  5986 | D:5      | Killed Grinder
  6116 | D:5      | Reached skill level 9 in Axes
  6356 | D:5      | Identified the +2 dagger of Edilak {vamp, rC+ rN+}
  6786 | D:5      | Killed Crazy Yiuf
  7028 | D:6      | Reached XP level 9. HP: 61/77 MP: 9/9
  7330 | D:6      | Reached skill level 10 in Axes
  7330 | D:6      | Reached skill level 5 in Shields
  7448 | D:6      | Found Zin's Purification Station.
  7451 | D:6      | Identified the +3 quarterstaff "Usearch" {elec, Drain rElec
                  | rF+++ SInv}
  7461 | D:6      | Reached ** piety under Beogh
  7523 | D:6      | Found a glowing silver altar of Zin.
  7526 | D:6      | Bought a potion of curing for 90 gold pieces
  7612 | D:6      | Noticed Edmund
  7649 | D:6      | Killed Edmund
  7650 | D:6      | Reached skill level 1 in Stealth
  7851 | D:6      | Reached skill level 11 in Axes
  9721 | D:8      | Noticed a kobold demonologist
  9729 | D:7      | Reached XP level 10. HP: 88/88 MP: 10/10
  9749 | D:8      | Noticed a soul eater
  9749 | D:8      | Killed a kobold demonologist
  9750 | D:8      | Reached skill level 12 in Axes
  9932 | D:8      | Identified the +3 robe of Suipn {Harm rPois rF+}
 10080 | D:8      | Found a shimmering altar of Xom.
 10081 | D:8      | Found a basalt altar of Yredelemnul.
 10082 | D:8      | Found a sparkling altar of Nemelex Xobeh.
 10109 | D:8      | Found a burning altar of Makhleb.
 10440 | D:8      | HP: 2/77 [wight/+5 spear of freezing (3)]
 10447 | D:8      | Slain by a wight

Illustrated notes

Levels and vault maps discovered:
D:1:      psy_arrival_dodecagon, layout_basic
D:2:      minmay_inner_zag, layout_basic, serial_shops, nicolae_shop_rolled_up
D:3:      minmay_chambers_of_twos, layout_basic, wad_orctagon
D:4:      layout_gridville, overflow_temple_1_default,
          minmay_temple_entry_large_hall, uniq_sigmund, uniq_robin, uniq_duvessa
D:5:      layout_layer_cave, chequers_big_river, uniq_grinder,
          uniq_crazy_yiuf_cottage
D:6:      layout_basic, zin_purify, kennysheep_generic_room_5, uniq_edmund
D:7:      layout_basic
D:8:      layout_basic, mainiacjoe_overflow_alcove_3
Temple:   compressed_dpeg_triangle_lava_temple

Skill      XL: |  1  2  3  4  5  6  7  8  9 10 |
---------------+-------------------------------+-----
Axes           | 3 4 6 8 9 11 12 | 12.4
Fighting       | 4 5 6 7 8 |  8.3
Shields        | 4 5 |  5.7
Armour         | 4 5 7 8 |  8.1
Dodging        | 1 2 3 |  3.6
Stealth        | 1 |  1.1
Throwing       | |  0.2

Action                     |  1- 3 |  4- 6 |  7- 9 | 10-12 || total
---------------------------+-------+-------+-------+-------++-------
  Melee: War axe           |   113 |   139 |   364 |    53 ||   669
         Unarmed           |       |       |     1 |       ||     1
  Throw: Stone             |       |     3 |       |       ||     3
 Invoke: Convert to Beogh  |       |     1 |       |       ||     1
    Use: Scroll            |     1 |     6 |     3 |       ||    10
         Potion            |       |     3 |    12 |     2 ||    17
 Armour: Scale mail        |    46 |    71 |   131 |    16 ||   264
  Dodge: Dodged            |    44 |    81 |   218 |    32 ||   375
  Block: Buckler           |    15 |    44 |    87 |    16 ||   162

Table legend: (Time is in decaauts)
 A = Elapsed time spent in this place.
 B = Non-inter-level travel time spent in this place.
 C = Inter-level travel time spent in this place.
 D = Time resting spent in this place.
 E = Time spent auto-exploring this place.
 F = Levels seen in this place.
 G = Mean time per level.
                   A        B        C        D        E       F      G
               +--------+--------+--------+--------+--------+-----+--------+
         Total |  10561 |   9824 |    737 |    646 |   7388 |   9 | 1173.4 |
       Dungeon |  10217 |   9480 |    737 |    643 |   7147 |   8 | 1277.1 |
        Temple |    343 |    343 |      0 |      3 |    241 |   1 |  343.0 |
               +--------+--------+--------+--------+--------+-----+--------+

Top non-repeatable levels by time:
     D:5: 2262 daAuts
     D:7: 1446 daAuts
     D:6: 1399 daAuts
     D:3: 1391 daAuts
     D:4: 1249 daAuts
     D:1: 914 daAuts
     D:2: 847 daAuts
     D:8: 705 daAuts
  Temple: 343 daAuts
